 Dungeon Sprint DCSS version 0.19.1 (webtiles) character file.

440 equalderp2856 the Gouger (level 6, -4/33 HPs)
             Began as a Felid Fighter on Dec 20, 2016.
             Was a Believer of Fedhas.
             Killed by divine providence
             ... invoked by an orc priest
              (16 damage)
             ... in the Dungeon (Sprint IX: "|||||||||||||||||||||||||||||").
             The game lasted 00:02:17 (898 turns).

equalderp2856 the Gouger (Felid Fighter)             Turns: 898, Time: 00:02:18

Health: -4/33      AC:  2    Str: 13    XL:     6   Next: 70%
Magic:  7/7        EV: 31    Int: 10    God:    Fedhas [**....]
Gold:   0          SH:  0    Dex: 16    Spells: 0 memorised, 5 levels left
                                        Lives:  0   Deaths: 2

rFire  . . .     SeeInvis +       - Unarmed
rCold  . . .     Gourm    .     (armour unavailable)
rNeg   . . .     Faith    .     (shield unavailable)
rPois  .         Spirit   .     (helmet unavailable)
rElec  .         Reflect  .     (cloak unavailable)
rCorr  .         Harm     .     (gloves unavailable)
MR     .....     NoTele   +     (boots unavailable)
Stlth  +++.......               (no amulet)
                                n - +2 ring of evasion
                                m - +2 ring of evasion

@: quick
A: no armour, no weapons or thrown items, stealth, claws 1, fangs 3, see
invisible, carnivore 3, speed 1, shaggy fur 2, slow metabolism 1, sharp paws
a: Fungal Bloom, Evolution, Sunlight, Renounce Religion


You were in the Dungeon.
You worshipped Fedhas.
Fedhas was pleased with you.
You were not hungry.

You visited 1 branch

Inventory:

Jewellery
 m - a +2 ring of evasion (left paw)
 n - a +2 ring of evasion (right paw)
Wands
 l - a wand of acid (7/15)
Scrolls
 h - 2 scrolls of blinking
 j - 3 scrolls of remove curse
 k - 2 scrolls of amnesia
Potions
 a - a potion of might
 c - a potion of invisibility
 e - a potion of haste
 f - 4 potions of magic
 g - a potion of berserk rage
 i - 4 potions of curing
Comestibles
 b - a meat ration


   Skills:
 + Level 7.5 Fighting
 + Level 11.8 Dodging
 + Level 3.6 Stealth
 + Level 14.4 Unarmed Combat


You had 5 spell levels left.
You didn't know any spells.

Dungeon Overview and Level Annotations

Branches:
Dungeon (1/1)

Altars:
Cheibriados
Dithmenos
Elyvilon
Fedhas
Gozag
Hepliaklqana
Kikubaaqudgha
Makhleb
Nemelex Xobeh
Okawaru
Qazlal
Ru
Sif Muna
Trog
Uskayaw
Vehumet
Xom
Yredelemnul
Zin
The Shining One
Beogh
Jiyva
Lugonu

Shops:
D *


Innate Abilities, Weirdness & Mutations

You cannot wear armour.
You are incapable of wielding weapons or throwing items.
Your paws allow you to move quietly. (Stealth)
You have sharp claws.
You have razor-sharp teeth.
You have supernaturally acute eyesight. (SInv)
You are carnivorous and can eat meat at any time.
You cover ground quickly.
You are covered in thick fur. (AC +2)
You have a slow metabolism.
Your sharp claws are effective at attacking unaware monsters.


Message History

Beogh smites you!
You claw the orc priest!
The orc priest is almost dead.
The orc priest misses you.
You claw the orc priest!
You kill the orc priest!
You scratch the orc priest but do no damage.
You claw the orc priest!
The orc priest is severely wounded.
An orc priest comes into view. It is wielding a mace.
The orc priest shouts!
You claw the orc priest!
You kill the orc priest!
The orc high priest prays to Beogh.
The orc high priest prays.
The orc high priest mumbles some strange prayers to Beogh.
The orc priest calls down the wrath of Beogh upon you.
Beogh smites you!
You die...
Fedhas appreciates your contribution to the ecosystem.

[[[..'.....†'...oFCu†.▓
▓▓▓▓▓▓▓▓▓▓▓▓▓▓▓▓▓▓▓▓▓.▓
................▓
▓▓▓▓▓▓▓▓▓▓▓▓▓▓▓▓▓
▓▓▓▓▓▓▓▓▓▓▓▓▓▓▓▓▓▓
o3$o4$oo...@.....▓
▓▓▓▓▓▓▓▓▓▓▓▓▓▓▓▓.▓ .▓
▓▓


You could see an orc high priest, an orange demon and an orc priest.

Vanquished Creatures
  A hill giant (D)
  A hornet (D)
  2 yaks (D)
  A sky beast (D)
  2 killer bees (D)
  An orc wizard (D)
  3 orc priests (D)
  A worker ant (D)
  An iguana (D)
  An ooze (D)
  An adder zombie (D)
  A dart slug (D)
  A bat zombie (D)
  A hobgoblin (D)
  2 bats (D)
  A rat (D)
21 creatures vanquished.

Notes
Turn   | Place    | Note
-------+----------+-------------------------------------------
     0 | D        | equalderp2856 the Felid Fighter began the quest for the Orb.
     0 | D        | Reached XP level 1. HP: 10/10 MP: 2/2
    19 | D        | Reached skill level 5 in Unarmed Combat
   136 | D        | Noticed a worker ant
   136 | D        | Noticed an orc wizard
   136 | D        | Noticed an iguana
   139 | D        | Reached XP level 2. HP: 11/14 MP: 3/3
   144 | D        | Reached skill level 5 in Dodging
   144 | D        | Reached skill level 6 in Unarmed Combat
   144 | D        | Reached XP level 3. HP: 14/18 MP: 4/4
   148 | D        | Reached skill level 7 in Unarmed Combat
   158 | D        | Reached skill level 8 in Unarmed Combat
   158 | D        | Reached XP level 4. HP: 19/22 MP: 5/5
   204 | D        | Found a roughly hewn altar of Beogh.
   204 | D        | Found a snail-covered altar of Cheibriados.
   204 | D        | Found a shadowy altar of Dithmenos.
   204 | D        | Found a white marble altar of Elyvilon.
   204 | D        | Found a blossoming altar of Fedhas.
   204 | D        | Found an opulent altar of Gozag.
   205 | D        | Found a hazy altar of Hepliaklqana.
   206 | D        | Found a viscous altar of Jiyva.
   207 | D        | Found an ancient bone altar of Kikubaaqudgha.
   208 | D        | Found a corrupted altar of Lugonu.
   209 | D        | Found a burning altar of Makhleb.
   210 | D        | Found a sparkling altar of Nemelex Xobeh.
   211 | D        | Found an iron altar of Okawaru.
   212 | D        | Found a stormy altar of Qazlal.
   213 | D        | Found a sacrificial altar of Ru.
   214 | D        | Found a deep blue altar of Sif Muna.
   215 | D        | Found a bloodstained altar of Trog.
   216 | D        | Found a hide-covered altar of Uskayaw.
   217 | D        | Found a radiant altar of Vehumet.
   218 | D        | Found a shimmering altar of Xom.
   219 | D        | Found a basalt altar of Yredelemnul.
   220 | D        | Found a glowing silver altar of Zin.
   229 | D        | Found a glowing golden altar of the Shining One.
   263 | D        | Became a worshipper of Fedhas Madash
   301 | D        | Noticed a yak
   301 | D        | Noticed a hill giant
   301 | D        | Noticed a hornet
   301 | D        | Noticed a yak
   315 | D        | Killed a yak
   315 | D        | Reached skill level 5 in Fighting
   315 | D        | Reached skill level 1 in Stealth
   315 | D        | Reached skill level 10 in Unarmed Combat
   315 | D        | Reached XP level 5. HP: 9/27 MP: 6/6
   383 | D        | Killed a hill giant
   383 | D        | Reached skill level 10 in Dodging
   383 | D        | Reached skill level 12 in Unarmed Combat
   383 | D        | Gained mutation: You are covered in thick fur. (AC +2) [Felid growth]
   383 | D        | Reached XP level 6. HP: 4/31 MP: 7/7
   383 | D        | Reached XP level 7. HP: 5/35 MP: 8/8
   394 | D        | Reached skill level 13 in Unarmed Combat
   402 | D        | Reached * piety under Fedhas
   412 | D        | Killed a hornet
   417 | D        | Killed a yak
   417 | D        | Reached XP level 8. HP: 20/40 MP: 9/9
   639 | D        | Reached ** piety under Fedhas
   848 | D        | Noticed a hill giant
   848 | D        | Noticed a cyan ugly thing
   853 | D        | Demolished by a hill giant
   854 | D        | Reached XP level 7. HP: -16/36 MP: 8/8
   868 | D        | Reached skill level 14 in Unarmed Combat
   880 | D        | Mangled by a cyan ugly thing
   881 | D        | Reached XP level 6. HP: -10/33 MP: 7/7
   888 | D        | Found Vebidan's Assorted Antiques.
   888 | D        | Noticed an orc high priest
   889 | D        | Noticed an orc high priest
   895 | D        | Noticed a neqoxec
   896 | D        | Noticed an orange demon
   898 | D        | Killed from afar by an orc priest

Skill      XL: |  1  2  3  4  5  6  7 |
---------------+----------------------+-----
Unarmed Combat | 5 6 8 10 12 14 | 14.4
Fighting       | 4 5 6 7 |  7.5
Dodging        | 5 6 8 10 11 | 11.8
Stealth        | 1 3 |  3.6

Action                   |  1- 3 |  4- 6 |  7- 9 || total
-------------------------+-------+-------+-------++-------
Melee: Unarmed           |    34 |    30 |    43 ||   107
       Bite              |     4 |     3 |     7 ||    14
       Punch             |       |     2 |     5 ||     7
  Use: Potion            |     2 |     1 |     1 ||     4
Armor: Skin              |     4 |       |       ||     4
Dodge: Dodged            |    24 |    17 |    37 ||    78
